AoeStats
← 叽里咕噜说啥呢

Yucatan

510534200Analyzed
4v4 RM · 1d ago on Oct 1, 2026· 57m 23s· 8 players
Game mode
Random Map
Map size
Large (8 player)
Population
200
Speed
Normal
Resources
Standard
Victory
Conquest
Starting age
Dark Age
Ending age
Imperial Age
RankedLock teamsTeams togetherTeam positionsShared explorationLock speedFull tech treeHidden civsTurbo modeCheats
Victory
Defeat
🇦🇺 Hindustanis · Australia
1046
+15
🇹🇷 Poles · Türkiye
925
+20
🇦🇺 Burmese · Australia
923
+20
🇳🇱 Spanish · Netherlands
914
+21
🇨🇳 Saxons · China
1096
-21
🇨🇳 Georgians · China
1019
-19
🇫🇷 Japanese · France
991
-18
🇨🇳 Mongols · China
991
-18
火枪
8:33 Loom
10:39 Feudal Age
12:27 Town Watch
15:12 Castle Age
14:08 Double-Bit Axe
14:03 Horse Collar
14:52 Stone Mining
14:54 Gold Mining
20:11 Wheelbarrow
19:48 Bow Saw
24:22 Heavy Plow
25:14 Gold Shaft Mining
25:14 Stone Shaft Mining
25:58 Stone Shaft Mining
31:13 Imperial Age
29:00 Fletching
30:03 Hand Cart
30:11 Bodkin Arrow
30:16 Padded Archer Armor
33:45 Conscription
33:37 Bracer
34:04 Ballistics
35:01 Leather Archer Armor
34:37 Elite Mangudai
38:23 Bloodlines
38:13 Husbandry
39:04 Drill
39:40 Capped Ram
41:04 Siege Ram
43:16 Light Cavalry
45:17 Parthian Tactics
44:59 Thumb Ring
45:12 Hussar
46:40 Scale Barding Armor
46:46 Forging
49:34 Chain Barding Armor
49:49 Iron Casting
51:27 Town Patrol
52:56 Blast Furnace
53:44 Hoardings
Siller
8:03 Loom
12:44 Feudal Age
17:23 Double-Bit Axe
19:28 Man-at-Arms
22:34 Castle Age
21:01 Fishing Lines
22:58 Forging
22:49 Scale Mail Armor
24:49 Gillnets
26:17 Gambesons
26:33 Squires
28:12 Iron Casting
27:52 Chain Mail Armor
叽里咕噜说啥呢
5:13 Loom
10:37 Feudal Age
15:47 Castle Age
14:32 Double-Bit Axe
16:58 Bow Saw
18:33 Gambesons
18:49 Squires
18:37 Arson
21:31 Scale Mail Armor
23:20 Wheelbarrow
23:04 Chain Mail Armor
23:00 Forging
24:08 Forging
26:39 Horse Collar
28:49 Iron Casting
28:46 Heavy Plow
34:45 Fletching
37:50 Imperial Age
36:21 Bodkin Arrow
36:24 Murder Holes
40:10 Chemistry
40:15 Conscription
40:52 Hand Cart
42:09 Bracer
42:09 Padded Archer Armor
42:55 Town Watch
44:03 Thumb Ring
43:19 Crossbowman
43:19 Elite Skirmisher
45:00 Leather Archer Armor
44:10 Crossbowman
45:52 Guilds
46:45 Ring Archer Armor
46:25 Arbalester
48:19 Ballistics
48:21 Masonry
52:10 Hoardings
NeeoNone
0:44 Loom
4:18 Loom
8:42 Feudal Age
10:10 Town Watch
12:16 Wheelbarrow
16:33 Bloodlines
19:08 Castle Age
18:22 Scale Barding Armor
18:27 Forging
18:42 Stone Mining
19:30 Double-Bit Axe
19:50 Husbandry
19:53 Fletching
26:26 Chain Barding Armor
27:07 Gold Mining
31:51 Svan Towers
33:18 Bodkin Arrow
33:23 Padded Archer Armor
33:44 Hand Cart
35:50 Bow Saw
38:16 Imperial Age
35:41 Elite Skirmisher
37:32 Bow Saw
40:09 Bracer
40:27 Leather Archer Armor
41:24 Conscription
42:03 Svan Towers
44:08 Chemistry
43:25 Svan Towers
44:34 Elite Monaspa
47:39 Guard Tower
mr_intox
10:26 Feudal Age
13:06 Loom
17:04 Castle Age
21:35 Wheelbarrow
20:47 Horse Collar
21:26 Fervor
22:24 Heavy Plow
24:45 Squires
24:05 Pikeman
24:31 Arson
27:13 Husbandry
27:48 Forging
31:10 Scale Mail Armor
31:45 Iron Casting
31:16 Scale Barding Armor
35:38 Imperial Age
33:45 Chain Mail Armor
34:05 Town Watch
35:20 Chain Barding Armor
35:41 Capped Ram
35:54 Elite Skirmisher
37:39 Chemistry
36:59 Ballistics
37:30 Padded Archer Armor
37:20 Fletching
39:30 Bodkin Arrow
41:04 Halberdier
43:58 Hand Cart
43:37 Gold Mining
48:39 Gold Shaft Mining
48:52 Bloodlines
49:43 Bracer
51:22 Conscription
51:57 Howdah
52:31 Elite Battle Elephant
53:46 Plate Mail Armor
56:41 Stone Mining
58:05 Blast Furnace
57:41 Plate Barding Armor
57:26 Manipur Cavalry
gakbal
7:17 Loom
12:04 Feudal Age
12:56 Horse Collar
13:07 Double-Bit Axe
18:13 Castle Age
17:50 Stone Mining
17:51 Gold Mining
19:13 Heavy Plow
20:12 Stone Shaft Mining
19:50 Bow Saw
21:55 Wheelbarrow
23:13 Ballistics
24:26 Hand Cart
38:58 Imperial Age
38:06 Padded Archer Armor
37:57 Fletching
39:56 Leather Archer Armor
39:36 Bodkin Arrow
40:04 Conscription
40:16 Elite Conquistador
46:20 Chemistry
chromies
3:55 Loom
11:06 Feudal Age
9:36 Loom
11:35 Double-Bit Axe
13:41 Wheelbarrow
17:38 Castle Age
24:27 Imperial Age
22:37 Horse Collar
23:57 Heavy Plow
26:08 Murder Holes
37:54 Stone Mining
38:00 Gold Mining
38:40 Town Watch
39:25 Bow Saw
45:43 Gold Shaft Mining
45:54 Scale Barding Armor
46:02 Forging
48:06 Hand Cart
50:58 Heavy Camel Rider
51:49 Bloodlines
51:39 Husbandry
52:21 Chain Barding Armor
52:36 Iron Casting
52:59 Bow Saw
53:07 Imperial Camel Rider
54:31 Plate Barding Armor
54:26 Conscription
54:09 Grand Trunk Road
54:45 Hoardings
55:25 Town Patrol
56:25 Caravan
57:10 Ballistics
57:51 Chemistry
57:02 Masonry
57:54 Blast Furnace
sonsehzadee
11:06 Feudal Age
9:34 Loom
11:20 Feudal Age
15:51 Gold Mining
15:49 Double-Bit Axe
15:58 Stone Mining
19:11 Castle Age
23:34 Wheelbarrow
23:31 Horse Collar
25:59 Hand Cart
27:17 Heavy Plow
28:43 Light Cavalry
29:34 Bloodlines
29:25 Husbandry
31:34 Pikeman
36:07 Imperial Age
34:22 Stone Shaft Mining
36:13 Elite Obuch
37:14 Conscription
37:15 Lechitic Legacy
37:09 Winged Hussar
40:35 Scale Barding Armor
40:41 Forging
40:32 Scale Mail Armor
Connection lost

Rejoining the realm…

Still unreachable

The connection could not be restored.

Session expired

The server has moved on; the page needs a fresh start.